 Dungeon Crawl Stone Soup version bcrawl-1.15 (webtiles) character file.

Game seed: 4392437084346042999

7799 Chiseanne the Covert (level 11, -12/75 HPs)
             Began as an Octopode Archaeologist on Sept 22, 2019.
             Was an Initiate of Gozag.
             Mangled by an orc knight
             ... wielding a +0 great sword
              (32 damage)
             ... on level 8 of the Dungeon.
             The game lasted 00:21:42 (8061 turns).

Chiseanne the Covert (Octopode Archaeologist)       Turns: 8061, Time: 00:21:42

Health: -12/75     AC: -5    Str: 13    XL:     11   Next: 20%
Magic:  11/11      EV: 24    Int: 16    God:    Gozag
Gold:   588        SH:  7    Dex: 17    Spells: 10/10 levels left

rFire    + . .     SeeInvis .   s - +2 whip (venom)
rCold    + . .     Gourm    .   h - +1 buckler {rC+ rF+}
rNeg     . . .     Faith    .   G - +2 hat
rPois    .         Spirit   .   (cloak restricted)
rElec    .         Reflect  .   (no amulet)
rCorr    .         Harm     .   k - +3 ring of slaying
MR       .....                  (no ring)
Stlth    +++++++...             (no ring)
HPRegen  0.22/turn              (no ring)
MPRegen  0.12/turn              (no ring)
                                (no ring)
                                (no ring)
                                (no ring)

@: agile, corroded, gold aura
A: almost no armour, stealthy swim, amphibious, 8 rings, constrict 8, camouflage
1, gelatinous body 1
a: Potion Petition, Call Merchant, Bribe Branch, Renounce Religion


You were on level 8 of the Dungeon.
You worshipped Gozag.
Gozag was pleased with you.
You were not hungry.

You visited 1 branch of the dungeon, and saw 8 of its levels.
You also visited: Ossuary.

You collected 1432 gold pieces.
You spent 734 gold pieces at shops.
You paid 110 gold pieces to Gozag.

Inventory:

Hand Weapons
 a - the +7 Spriggan's Knife {stab, EV+4 Stlth+}

   It affects your evasion (+4).
   It makes you more stealthy.
 s - a +2 whip of venom (weapon)
 t - the +3 mace "Udaeh" {crush, Int+4}
   (You found it on level 4 of the Dungeon)

   It inflicts extra damage upon your enemies.
   It affects your intelligence (+4).
 z - the +1 short sword of the Unliving {speed, +Blink +Inv rElec Stlth-}
   (You found it on level 6 of the Dungeon)

   Attacks with this weapon are significantly faster.
   It insulates you from electricity.
   It lets you turn invisible.
   It lets you blink.
   It makes you less stealthy.
Missiles
 c - 130 tomahawks (quivered)
 d - 313 sling bullets
 w - 216 poisoned needles
 A - 56 javelins
Armour
 h - a +1 buckler of resistance (worn)
 F - a +0 buckler of protection
 G - a +2 hat (worn)
Jewellery
 k - a +3 ring of slaying (left tentacle)
Wands
 e - a wand of enslavement (4)
 y - a wand of digging (1)
Scrolls
 b - a scroll of fog
 g - a scroll of immolation
 n - 2 scrolls of amnesia
 x - 4 scrolls of teleportation
 B - 2 scrolls of enchant armour
 C - 2 scrolls of blinking
 D - 3 scrolls of enchant weapon
 H - a scroll of magic mapping
 K - 4 scrolls of identify
Potions
 i - 5 potions of lignification
 j - 2 potions of cancellation
 l - 6 potions of curing
 m - 3 potions of ambrosia
 o - 4 potions of mutation
 p - 2 potions of brilliance
 q - 2 potions of flight
 r - 3 potions of magic
 u - a potion of resistance
 I - a potion of berserk rage
Comestibles
 f - 9 rations {!d}


   Skills:
 * Level 7.4 Fighting
 - Level 10.0 Short Blades
 - Level 1.0 Maces & Flails
 * Level 8.1 Dodging
 * Level 11.0 Stealth
 * Level 7.3 Shields


You had 10 spell levels left.
You didn't know any spells.
Your spell library contained the following spells:

 Spells                   Type           Power        Failure   Level  Hunger
 Beastly Appendage        Tmut           #.....       26%         1    ##.....
 Magic Dart               Conj           #...         26%         1    ##.....
 Shock                    Conj/Air       #....        26%         1    ##.....
 Slow                     Hex            #.......     26%         1    ##.....
 Blink                    Tloc           N/A          36%         2    ###....
 Call Imp                 Summ           #.......     36%         2    ###....
 Sticks to Snakes         Tmut           #.......     36%         2    ###....
 Swiftness                Chrm/Air       #.......     36%         2    ###....
 Conjure Flame            Conj/Fire      #.......     58%         3    ####...
 Mephitic Cloud           Conj/Pois/Air  #.......     58%         3    ####...
 Spider Form              Tmut/Pois      #..          58%         3    ####...
 Static Discharge         Air            #.......     58%         3    ####...
 Airstrike                Air            #.........   94%         4    #####..
 Ice Form                 Ice/Tmut       #.......     94%         4    #####..
 Blade Hands              Tmut           #.........   100%        5    ######.
 Lightning Bolt           Conj/Air       #.........   100%        5    ######.


Dungeon Overview and Level Annotations

Branches:
Dungeon (8/12)             Temple (0/1) D:7            Lair (0/6) D:7
    Orc: D:8-11

Altars:
Ashenzari
Cheibriados
Dithmenos
Elyvilon
Gozag
Lugonu
Qazlal
Ru
Uskayaw
Xom
Zin
The Shining One

Shops:
D:5 }   D:6 *   D:7 !


Innate Abilities, Weirdness & Mutations

You cannot wear most types of armour.
You are very stealthy in the water. (Stealth+)
You are amphibious.
You can wear up to eight rings at the same time.
You can use your tentacles to constrict eight enemies at once.
Your skin changes colour to match your surroundings (Stealth+).
Your rubbery body absorbs attacks. (AC +1, EV +1)


Message History

You are splashed with acid.
You release your grip on the brown ugly thing.
You hit the brown ugly thing but do no damage.
The brown ugly thing looks as sick as possible!
You grab the brown ugly thing.
The brown ugly thing is almost dead.
You constrict the brown ugly thing.
You kill the brown ugly thing!
Your Stealth skill increases to level 11!
The orc knight unwields a +0 great sword.
The orc knight wields a +0 arbalest.
The orc knight shoots a bolt.
The bolt hits you!!
* * * LOW HITPOINT WARNING * * *
You hear an angry hiss.
You feel better.
You feel agile all of a sudden.
The orc knight unwields a +0 arbalest.
The orc knight wields a +0 great sword.
The orc knight hits you with a +0 great sword!!
You die...
Your body crumbles into a pile of gold.

#..##.## .###.## .##.##.# .
#..#.. #.#.## l##.#.#
.##..#..##)#.# #u#.#.#
..##[##.[#+.# #o##'.#
#..#..##[#.# #.##.# .
#..#..##.#.## ##.#.####### #.
#.##..###.## ##.##.......#
##.##.##.## ##.#####l##..#####.#
.##..#..## ##.@ou.##..## #.#
..###'### ###'###..### #^# .
#.(...# ##.....##...# #.#
#####.##### ##.......##..# #(#
#.........###.........##.# #.#
#####.######...........#.# #.#
....)......#...........#.# #.#
#####[#####'...........'.#####.#
....(.)....#...........#.......#


You could see an orc knight, a brown ugly thing and a basilisk.

Vanquished Creatures
  A centaur warrior (D:7)
  A tengu warrior (D:6)
  A cyclops (D:8)
  2 ugly things (D:8)
  A deep elf mage (D:8)
  A gargoyle (D:8)
  A troll (D:7)
  A hornet (D:8)
  A hippogriff (D:7)
  Sigmund (D:2)
  A wyvern (D:8)
  A basilisk (D:7)
  Duvessa (D:4)
  An ice beast (D:6)
  4 orc warriors
  4 phantoms
  A black bear (D:8)
  3 sky beasts
  3 ogres
  2 centaurs
  3 bullfrogs (D:7)
  Dowan (D:4)
  3 scorpions
  A killer bee (D:8)
  4 howler monkeys
  7 crimson imps
  A bullfrog zombie (D:5)
  2 quasits (D:8)
  A bullfrog skeleton (D:6)
  A centaur zombie (Ossuary)
  5 hounds
  2 jellies (D:6)
  4 orc priests
  4 iguanas
  Terence (D:3)
  4 orc wizards
  7 worker ants
  A big kobold zombie (Ossuary)
  3 hound zombies
  2 hound skeletons
  2 mummies (Ossuary)
  A howler monkey zombie (D:7)
  An adder (D:8)
  A shadow imp (D:5)
  2 oozes
  An adder zombie (Ossuary)
  A worm (D:2)
  3 dart slugs
  6 leopard geckos
  17 orcs
  4 bats
  3 giant cockroaches
  9 goblins
  9 hobgoblins
  17 jackals
  7 kobolds
  4 quokkas
  6 frilled lizards
  3 goblin zombies
  16 hobgoblin zombies (Ossuary)
  A jackal skeleton (D:4)
  A jackal zombie (D:5)
  6 kobold zombies (Ossuary)
  7 orc zombies (Ossuary)
  A quokka zombie (D:7)
  9 rats
  2 rat zombies (Ossuary)
229 creatures vanquished.

Vanquished Creatures (collateral kills)
  An orc wizard (D:8)
1 creature vanquished.

Grand Total: 230 creatures vanquished

Notes
Turn   | Place    | Note
-------+----------+-------------------------------------------
     0 | D:1      | Chiseanne the Octopode Archaeologist began the quest for
                  | the Orb.
     0 | D:1      | Reached XP level 1. HP: 13/13 MP: 1/1
     4 | D:1      | Noticed a demonspawn
     4 | D:1      | Noticed a vine stalker
     6 | D:1      | Noticed a demigod
     6 | D:1      | Noticed a tengu
     8 | D:1      | Noticed a gargoyle
     8 | D:1      | Noticed a halfling
    10 | D:1      | Noticed a troll
    10 | D:1      | Noticed a vampire
    12 | D:1      | Noticed a naga
    14 | D:1      | Noticed a merfolk
    14 | D:1      | Noticed a draconian
    16 | D:1      | Noticed a formicid
    16 | D:1      | Noticed a dwarf
    18 | D:1      | Noticed an octopode
    18 | D:1      | Noticed a spriggan
    20 | D:1      | Noticed a centaur
    20 | D:1      | Noticed an elf
    22 | D:1      | Noticed a minotaur
    22 | D:1      | Noticed a ghoul
    24 | D:1      | Noticed an ogre
    24 | D:1      | Noticed a human
    26 | D:1      | Noticed a felid
   197 | D:1      | Reached XP level 2. HP: 8/18 MP: 2/2
   552 | D:1      | Reached skill level 1 in Shields
   635 | D:1      | Reached XP level 3. HP: 24/24 MP: 3/3
   686 | D:1      | Reached skill level 1 in Short Blades
  1052 | D:2      | Reached XP level 4. HP: 29/29 MP: 4/4
  1303 | D:2      | Noticed Sigmund
  1350 | D:2      | Killed Sigmund
  1350 | D:2      | Reached XP level 5. HP: 33/34 MP: 5/5
  1350 | D:2      | Reached XP level 6. HP: 37/39 MP: 6/6
  1734 | D:3      | Found a white marble altar of Elyvilon.
  1809 | D:3      | Noticed Terence
  1825 | D:3      | Killed Terence
  2051 | D:3      | Found a stormy altar of Qazlal.
  2055 | D:3      | Found a shimmering altar of Xom.
  2055 | D:3      | Found a shadowy altar of Dithmenos.
  2055 | D:3      | Found a glowing golden altar of the Shining One.
  2056 | D:3      | Found a snail-covered altar of Cheibriados.
  2773 | D:4      | Reached XP level 7. HP: 27/45 MP: 7/7
  2877 | D:4      | Noticed Duvessa
  2877 | D:4      | Noticed Dowan
  2888 | D:4      | Killed Duvessa
  2888 | D:4      | Reached skill level 5 in Stealth
  2888 | D:4      | Killed Dowan
  3338 | D:4      | Reached skill level 6 in Stealth
  3338 | D:4      | Reached XP level 8. HP: 32/52 MP: 8/8
  3597 | D:4      | Got a brightly glowing mace
  4217 | D:5      | Entered Level 5 of the Dungeon
  4286 | D:5      | Reached skill level 5 in Dodging
  4365 | D:5      | Reached skill level 7 in Stealth
  4386 | D:5      | Found a shattered altar of Ashenzari.
  4400 | D:5      | Found an opulent altar of Gozag.
  4426 | D:5      | Became a worshipper of Gozag Ym Sagoz the Greedy
  4427 | D:5      | Identified the +3 mace "Udaeh" {crush, Int+4} (You found it
                  | on level 4 of the Dungeon)
  4575 | D:5      | Found Kowapat's Gadget Shoppe.
  4679 | D:6      | Got a steaming short sword
  4745 | D:6      | Noticed a tengu warrior
  4752 | D:6      | Reached XP level 9. HP: 50/59 MP: 9/9
  4755 | D:6      | Killed a tengu warrior
  4755 | D:6      | Reached skill level 5 in Fighting
  4755 | D:6      | Reached skill level 8 in Stealth
  4921 | D:6      | Reached skill level 5 in Shields
  4965 | D:6      | Identified the +1 short sword of the Unliving {speed,
                  | +Blink +Inv rElec Stlth-} (You found it on level 6 of the
                  | Dungeon)
  5027 | D:6      | Found Riyt's Assorted Antiques.
  5031 | D:6      | Bought a scroll labeled BEDEIT LEALOM for 28 gold pieces
  5031 | D:6      | Bought a black potion for 25 gold pieces
  5031 | D:6      | Bought an embroidered hat for 196 gold pieces
  5031 | D:6      | Bought a black potion for 25 gold pieces
  5031 | D:6      | Bought a yellow potion for 25 gold pieces
  5031 | D:6      | Bought a scroll of remove curse for 84 gold pieces
  5113 | D:6      | Found a glowing silver altar of Zin.
  5232 | D:6      | Found a corrupted altar of Lugonu.
  5546 | D:7      | Found a sacrificial altar of Ru.
  5591 | D:7      | Found a staircase to the Ecumenical Temple.
  5624 | D:7      | Found Feodiwaw's Distillery.
  5627 | D:7      | Bought a potion of curing for 39 gold pieces
  5627 | D:7      | Bought a potion of ambrosia for 104 gold pieces
  5627 | D:7      | Bought a potion of mutation for 104 gold pieces
  5627 | D:7      | Bought a potion of berserk rage for 65 gold pieces
  5627 | D:7      | Bought a potion of curing for 39 gold pieces
  5658 | D:7      | Found a staircase to the Lair.
  5682 | D:7      | Found a sand-covered staircase.
  5704 | Ossuary  | Entered an ossuary
  5861 | Ossuary  | Reached skill level 9 in Stealth
  5891 | Ossuary  | Reached XP level 10. HP: 62/68 MP: 10/10
  6016 | D:7      | Found a hide-covered altar of Uskayaw.
  6417 | D:7      | Noticed a centaur warrior
  6434 | D:7      | Killed a centaur warrior
  6794 | D:8      | Noticed a white ugly thing
  6807 | D:8      | Killed a white ugly thing
  6807 | D:8      | Reached skill level 10 in Stealth
  7118 | D:8      | Noticed a deep elf mage
  7118 | D:8      | Noticed a cyclops
  7129 | D:8      | Killed a cyclops
  7134 | D:8      | Killed a deep elf mage
  7171 | D:8      | Noticed a brown ugly thing
  7256 | D:8      | Reached XP level 11. HP: 35/75 MP: 11/11
  7614 | D:8      | Reached skill level 10 in Short Blades
  8044 | D:8      | Noticed a brown ugly thing
  8044 | D:8      | Noticed an orc knight
  8058 | D:8      | Killed a brown ugly thing
  8058 | D:8      | Reached skill level 11 in Stealth
  8061 | D:8      | Mangled by an orc knight

Skill      XL: |  1  2  3  4  5  6  7  8  9 10 11 |
---------------+----------------------------------+-----
Shields        | 1 2 4 5 6 7 |  7.3
Short Blades   | 3 6 7 8 9 10 | 10.0
Fighting       | 2 3 4 5 7 |  7.4
Stealth        | 6 7 9 10 11 | 11.0
Dodging        | 4 5 6 7 8 |  8.1
Maces & Flails | |  1.0

Action                   |  1- 3 |  4- 6 |  7- 9 | 10-12 || total
-------------------------+-------+-------+-------+-------++-------
Melee: Whip              |    91 |    68 |    51 |    17 ||   227
       Constrict         |    26 |    17 |    53 |    22 ||   118
       Tentacles         |     8 |     8 |    32 |    32 ||    80
       Knife             |       |       |   182 |   135 ||   317
Evoke: Wand              |       |       |       |     3 ||     3
  Use: Scroll            |     3 |     8 |    13 |     5 ||    29
       Potion            |       |       |       |     5 ||     5
 Stab: Sleeping          |     6 |    10 |    36 |    15 ||    67
       Distracted        |       |     1 |       |       ||     1
  Eat: Chunk             |     1 |     4 |     7 |       ||    12
       Ration            |       |       |     2 |     2 ||     4
Armor: Skin              |    10 |     5 |     9 |     5 ||    29
Dodge: Dodged            |    56 |    26 |    93 |    55 ||   230
Block: Buckler           |     8 |     3 |    26 |    29 ||    66
